 Dungeon Crawl Stone Soup version 0.30-a0-800-g7c544603b3 (webtiles) character file.

Game seed: 17140241509200607924

298 Lobster4 the Ruffian (level 6, -8/59 HPs)
             Began as a Troll Gladiator on Feb 21, 2023.
             Splashed by a jelly's acid (11 damage)
             ... on level 4 of the Dungeon.
             The game lasted 00:06:28 (2545 turns).

Lobster4 the Ruffian (Troll Gladiator)              Turns: 2545, Time: 00:06:28

Health: -8/59      AC: -5    Str: 23    XL:     6   Next: 13%
Magic:  5/5        EV: 10    Int:  6    God:
Gold:   165        SH:  0    Dex: 11    Spells: 5/5 levels left

rFire   . . .      SeeInvis .      - Unarmed
rCold   + . .      Faith    .    (no shield)
rNeg    . . .      Spirit   .    t - +2 robe {rC+}
rPois   .          Reflect  .    b - +0 hat
rElec   .          Harm     .    (no cloak)
rCorr   .          Rampage  .    (gloves unavailable)
Will    .....                    (boots unavailable)
Stlth   +                        (no amulet)
HPRegen 1.09/turn                (no ring)
MPRegen 0.09/turn                (no ring)

@: corroded
A: large, unfitting armour, claws 3, regeneration 1, shaggy fur 1, tough skin 1
a: no special abilities


You were on level 4 of the Dungeon.
You visited 1 branch of the dungeon, and saw 4 of its levels.

You collected 165 gold pieces.

Inventory:

Hand Weapons
 f - a +0 sling
 i - a +0 mace
 k - a +0 antimagic whip
 r - the +4 spear "Doom" {flame, Int+3}
   (You found it on level 3 of the Dungeon)

   Int:       It affects your intelligence (+3).
Missiles
 c - 3 throwing nets
 j - 21 stones (quivered)
 s - 2 boomerangs
Armour
 a - a +0 robe
 b - a +0 hat (worn)
 t - a +2 robe of cold resistance (worn)
Scrolls
 e - a scroll of teleportation {unknown}
 p - a scroll of poison {unknown}
Potions
 g - a potion of mutation {unknown}
 h - a potion of brilliance
 l - 3 potions of curing {unknown}
 m - a potion of flight
 n - a potion of berserk rage
 o - a potion of might
 q - a potion of lignification {unknown}


   Skills:
 + Level 2.6 Fighting
 - Level 1.0 Maces & Flails
 + Level 2.9 Throwing
 + Level 2.0 Armour
 + Level 3.3 Dodging
 + Level 3.9 Unarmed Combat


You had 5 spell levels left.
You didn't know any spells.
Your spell library was empty.

Dungeon Overview and Level Annotations

Branches:
Dungeon (4/15)
 Temple: D:4-7

Altars:

Shops:
D:4 :


Innate Abilities, Weirdness & Mutations

You are too large for most types of armour.
You have claws for hands.
Your natural rate of healing is unusually fast.
You are covered in fur. (AC +1)
You have tough skin. (AC +1)


Message History

The jelly hits you.
You are splashed with acid.
You scratch the jelly.
Your claws burn!
The jelly is severely wounded.
The jelly closely misses you.
You completely miss the jelly.
The jelly is severely wounded.
The jelly hits you. The acid corrodes you!
You are splashed with acid!
You scratch the jelly.
Your claws burn!
The jelly is almost dead.
You scratch the jelly but do no damage.
Your claws burn!
The jelly is almost dead.
The jelly barely misses you.
You are too injured to fight recklessly!
You are too injured to fight recklessly!
You are too injured to fight recklessly!
You barely miss the jelly.
The jelly is almost dead.
The jelly hits you. The acid corrodes you!
You are splashed with acid.
You scratch the jelly.
Your claws burn!
The jelly is almost dead.
The jelly hits you.
You are splashed with acid!
* * * LOW HITPOINT WARNING * * *
You scratch the jelly but do no damage.
Your claws burn!
* * * LOW HITPOINT WARNING * * *
The jelly is almost dead.
The jelly closely misses you.
You scratch the jelly but do no damage.
Your claws burn!
* * * LOW HITPOINT WARNING * * *
The jelly is almost dead.
The jelly barely misses you.
Throw: large rock
Press: ? - help, Shift-Dir - straight line, f - jelly
Aim: a jelly (almost dead, 89% to hit)
You throw a large rock.
The large rock hits the jelly but does no damage.
The jelly is almost dead.
The jelly barely misses you. The jelly hits you.
* * * LOW HITPOINT WARNING * * *
The acid corrodes you!
You are splashed with acid!
You die...

. .. ...
.... .....
####......
#.@J.)....
#.##......
#.# .....
#.# ....
#.# ###
#.# #.#
#.# #.#


You could see a jelly.

Vanquished Creatures
  A hound (D:4)
  An orc priest (D:3)
  Natasha (thrice) (D:2)
  An iguana (D:4)
  2 orc wizards (D:3)
  An adder (D:3)
  2 dart slugs
  2 orcs (D:3)
  9 ball pythons
  6 bats
  An endoplasm (D:3)
  4 giant cockroaches
  9 goblins
  4 hobgoblins
  8 jackals
  5 kobolds
  3 quokkas
  3 frilled lizards
  5 rats
70 creatures vanquished.

Notes
Turn   | Place    | Note
-------+----------+-------------------------------------------
     0 | D:1      | Lobster4 the Troll Gladiator began the quest for the Orb.
     0 | D:1      | Reached XP level 1. HP: 19/19 MP: 0/0
    68 | D:1      | Reached XP level 2. HP: 28/28 MP: 1/1
   621 | D:2      | Reached XP level 3. HP: 35/35 MP: 2/2
   858 | D:2      | Noticed Natasha
   864 | D:2      | Killed Natasha
   865 | D:2      | Reached skill level 1 in Armour
   865 | D:2      | Reached XP level 4. HP: 42/42 MP: 3/3
   926 | D:2      | Found a faded altar of an unknown god.
   972 | D:2      | Noticed Natasha
   976 | D:2      | Killed Natasha
   977 | D:2      | Reached skill level 1 in Maces & Flails
  1181 | D:2      | Noticed Natasha
  1202 | D:2      | Killed Natasha
  1300 | D:2      | Found a faded altar of an unknown god.
  1524 | D:3      | Reached XP level 5. HP: 49/49 MP: 4/4
  1992 | D:3      | Identified the +4 spear "Doom" {flame, Int+3}
  2039 | D:3      | HP: 2/50 [orc/boomerang (3)]
  2492 | D:4      | Found Metuyxt's Book Shoppe.
  2505 | D:4      | Reached XP level 6. HP: 59/59 MP: 5/5
  2544 | D:4      | HP: 2/59 [acid (2)]
  2545 | D:4      | Splashed by a jelly's acid

Illustrated notes

Levels and vault maps discovered:
D:1:      eino_arrival_cavern_e, layout_basic, minmay_tetromino_s2
D:2:      layout_rooms, basic_ecumenical_altar, uniq_natasha
D:3:      layout_basic
D:4:      layout_basic, temple_pool_b, serial_shops, nicolae_shop_hallway_plus,
          minmay_distorted, uniq_ijyb

Skill      XL: |  1  2  3  4  5  6 |
---------------+-------------------+-----
Throwing       | 2 |  2.9
Fighting       | 2 |  2.6
Armour         | 1 2 |  2.0
Maces & Flails | 1 |  1.0
Dodging        | 3 |  3.3
Unarmed Combat | |  3.9

Action                     |  1- 3 |  4- 6 || total
---------------------------+-------+-------++-------
  Melee: Unarmed           |    70 |   154 ||   224
         Punch             |     1 |     4 ||     5
  Throw: Stone             |     8 |     2 ||    10
         Large rock        |       |     2 ||     2
    Use: Scroll            |       |     5 ||     5
         Potion            |       |     1 ||     1
   Stab: Sleeping          |       |     2 ||     2
 Armour: Robe              |    20 |    62 ||    82
  Dodge: Dodged            |    49 |    82 ||   131

Table legend: (Time is in decaauts)
 A = Elapsed time spent in this place.
 B = Non-inter-level travel time spent in this place.
 C = Inter-level travel time spent in this place.
 D = Time resting spent in this place.
 E = Time spent auto-exploring this place.
 F = Levels seen in this place.
 G = Mean time per level.
                   A        B        C        D        E       F      G
               +--------+--------+--------+--------+--------+-----+--------+
         Total |   2546 |   2356 |    190 |     33 |   1826 |   4 |  636.5 |
       Dungeon |   2546 |   2356 |    190 |     33 |   1826 |   4 |  636.5 |
               +--------+--------+--------+--------+--------+-----+--------+

Top non-repeatable levels by time:
     D:3: 1131 daAuts
     D:2: 740 daAuts
     D:1: 622 daAuts
     D:4: 52 daAuts
